 Dungeon Sprint DCSS version 0.31-a0-1074-g0b22e4e0f1 (webtiles) character file.

Game seed: 9794663059465174261

2062 tbh1313 the Bludgeoner (level 9, -1/106 HPs)
             Began as an Ogre Berserker on Nov 28, 2023.
             Was an Elder of Trog.
             Slain by a centaur warrior (11 damage)
             ... in the Dungeon (Sprint I: "Red Sonja").
             The game lasted 00:02:57 (557 turns).

tbh1313 the Bludgeoner (Ogre Berserker)              Turns: 557, Time: 00:02:57

Health: -1/106     AC:  3    Str: 27    XL:     9   Next: 25%
Magic:  9/9        EV: 10    Int:  8    God:    Trog [****..]
Gold:   343        SH:  0    Dex:  8    Spells: 8/8 levels left

rFire   . . .        j - +0 giant club
rCold   . . .        (shield currently unavailable)
rNeg    . . .        b - +0 animal skin
rPois   .            (helmet restricted)
rElec   .            (no cloak)
rCorr   .            (gloves unavailable)
SInv    .            (boots unavailable)
Will    .....        (no amulet)
Stlth   +            (no ring)
HPRegen 0.37/turn    (no ring)
MPRegen 0.11/turn

%: no teleportation
@: on berserk cooldown, slowed, very slow
A: large, unfitting armour, tough skin 1
a: Renounce Religion, Berserk, Trog's Hand, Brothers in Arms


You were in the Dungeon.
You worshipped Trog.
Trog was greatly pleased with you.
You visited 1 branch You collected 413 gold pieces.
You spent 70 gold pieces at shops.

Inventory:

Hand Weapons
 j - a +0 giant club (weapon)
Armour
 b - a +0 animal skin (worn)
Wands
 a - a wand of digging (4)
 i - a wand of paralysis (15)
Scrolls
 h - a scroll of blinking
Potions
 c - 2 potions of curing
 e - a potion of haste
 f - 2 potions of magic
 g - a potion of berserk rage
 k - a potion of degeneration


   Skills:
 - Level 12.0 Fighting
 + Level 16.9 Maces & Flails
 - Level 2.6 Dodging


You had 8 spell levels left.
You didn't know any spells.
Your spell library was empty.

Dungeon Overview and Level Annotations

Branches:
Dungeon (1/1)

Altars:
Cheibriados
Dithmenos
Elyvilon
Fedhas
Gozag
Hepliaklqana
Kikubaaqudgha
Makhleb
Nemelex Xobeh
Okawaru
Qazlal
Ru
Sif Muna
Trog
Uskayaw
Vehumet
Wu Jian
Xom
Yredelemnul
Zin
The Shining One
Jiyva
Lugonu

Shops:
D !


Innate Abilities, Weirdness & Mutations

You are too large for most types of armour.
You have tough skin. (AC +1)


Message History

You are no longer berserk.
You are exhausted.
You feel as though you will be slow longer.
* * * LOW HITPOINT WARNING * * *
You feel very sick.
There is a broken door here.
You feel better.
You close the door.
It's broken and can't be closed.
You open the door.
You feel the effects of Trog's Hand fading.
There is an open door here.
You close the door.
You start resting.
Your skin stops crawling.
You feel less strong-willed.
You start resting.
A centaur warrior is nearby!
You're still recovering from your berserk rage.
You catch the helpless centaur warrior completely off-guard!
You bludgeon the centaur warrior!!
The centaur warrior is heavily wounded.
The centaur warrior hits you!
* * * LOW HITPOINT WARNING * * *
The centaur warrior kicks you but does no damage.
The centaur warrior hits you!
* * * LOW HITPOINT WARNING * * *
The centaur warrior barely misses you.
You feel much better. The centaur warrior hits you.
The centaur warrior kicks you.
* * * LOW HITPOINT WARNING * * *
The centaur warrior hits you!
* * * LOW HITPOINT WARNING * * *
The centaur warrior closely misses you.
You hit the centaur warrior.
The centaur warrior is heavily wounded.
The centaur warrior hits you.
* * * LOW HITPOINT WARNING * * *
The centaur warrior kicks you but does no damage.
The centaur warrior hits you!
You die...

##########################
#<.#..)..#.)'..#__#..')..#
#..)..#..'..#..c@.'..#)..#
#..#####'#####'#__####...+
#..####..#...#)####§ #####
#..#__####..##†#§§~..#
#..#_____##'#_.'~~~.c'
#⌠⌠#_.∩...'..._#§~~.c#
####_..__##_.#'##§####
#_____###+#[# .) #######
### ##


You could see a centaur warrior.

Levels and vault maps discovered:
D:        dungeon_sprint_1 [red_sonja_temple_1, red_sonja_temple_small_1]

Notes
Turn   | Place    | Note
-------+----------+-------------------------------------------
     0 | D        | tbh1313 the Ogre Berserker began the quest for the Orb.
     0 | D        | Reached XP level 1. HP: 24/24 MP: 1/1
     1 | D        | Noticed Ijyb
     6 | D        | Paralysed by Ijyb for 3 turns
    13 | D        | Killed Ijyb
    14 | D        | Reached skill level 5 in Maces & Flails
    14 | D        | Reached XP level 2. HP: 26/32 MP: 2/2
    14 | D        | Reached XP level 3. HP: 31/39 MP: 3/3
    73 | D        | Noticed an ogre
    77 | D        | Killed an ogre
    78 | D        | Reached skill level 9 in Maces & Flails
    78 | D        | Reached XP level 4. HP: 40/48 MP: 4/4
   151 | D        | Noticed Sigmund
   160 | D        | Killed Sigmund
   160 | D        | Reached ** piety under Trog
   161 | D        | Reached skill level 11 in Maces & Flails
   161 | D        | Reached XP level 5. HP: 38/54 MP: 5/5
   161 | D        | Reached XP level 6. HP: 43/62 MP: 6/6
   269 | D        | Found an ornate altar of the Wu Jian Council.
   269 | D        | Found a shimmering blue altar of Sif Muna.
   271 | D        | Found a radiant altar of Vehumet.
   275 | D        | Reached skill level 12 in Maces & Flails
   335 | D        | Found Geumin's Distillery.
   335 | D        | Found an ancient bone altar of Kikubaaqudgha.
   335 | D        | Found a hazy altar of Hepliaklqana.
   335 | D        | Found a stormy altar of Qazlal.
   335 | D        | Found a hide-covered altar of Uskayaw.
   335 | D        | Found a blossoming altar of Fedhas.
   335 | D        | Found a bloodstained altar of Trog.
   335 | D        | Found an iron altar of Okawaru.
   335 | D        | Found a basalt altar of Yredelemnul.
   335 | D        | Found a glowing golden altar of the Shining One.
   335 | D        | Found a snail-covered altar of Cheibriados.
   335 | D        | Found a sacrificial altar of Ru.
   335 | D        | Found a glowing silver altar of Zin.
   335 | D        | Found a shadowy altar of Dithmenos.
   335 | D        | Found a white marble altar of Elyvilon.
   335 | D        | Noticed a yak
   339 | D        | Killed a yak
   340 | D        | Reached skill level 13 in Maces & Flails
   340 | D        | Reached XP level 7. HP: 70/70 MP: 7/7
   340 | D        | Found an opulent altar of Gozag.
   341 | D        | Found a sparkling altar of Nemelex Xobeh.
   383 | D        | Bought a potion of degeneration for 10 gold pieces
   383 | D        | Bought a potion of curing for 30 gold pieces
   383 | D        | Bought a potion of curing for 30 gold pieces
   397 | D        | Found a viscous altar of Jiyva.
   397 | D        | Found a corrupted altar of Lugonu.
   397 | D        | Noticed a slime creature
   398 | D        | Found a burning altar of Makhleb.
   398 | D        | Found a shimmering altar of Xom.
   404 | D        | Killed a slime creature
   405 | D        | Reached skill level 14 in Maces & Flails
   457 | D        | Noticed a kobold demonologist
   457 | D        | Noticed a glass eye
   457 | D        | Noticed a kobold demonologist
   466 | D        | Killed a glass eye
   468 | D        | Noticed a chaos spawn
   468 | D        | Killed a kobold demonologist
   468 | D        | Reached *** piety under Trog
   469 | D        | Reached skill level 10 in Fighting
   469 | D        | Reached XP level 8. HP: 93/93 MP: 8/8
   471 | D        | Noticed a ynoxinul
   471 | D        | Killed a kobold demonologist
   472 | D        | Reached skill level 15 in Maces & Flails
   520 | D        | Noticed a centaur warrior
   521 | D        | Noticed a centaur warrior
   532 | D        | Killed a centaur warrior
   532 | D        | Noticed a hornet
   533 | D        | Reached skill level 16 in Maces & Flails
   533 | D        | Reached XP level 9. HP: 71/106 MP: 9/9
   538 | D        | Paralysed by a hornet for 2 turns
   540 | D        | HP: 13/159 [hornet (6)]
   541 | D        | Killed a hornet
   541 | D        | Reached **** piety under Trog
   542 | D        | HP: 3/106 [poisoned by a hornet]
   555 | D        | HP: 8/106 [centaur warrior (7)]
   557 | D        | Slain by a centaur warrior

Table legend: (Time is in decaauts)
 A = Elapsed time spent in this place.
 B = Non-inter-level travel time spent in this place.
 C = Inter-level travel time spent in this place.
 D = Time resting spent in this place.
 E = Time spent auto-exploring this place.
 F = Levels seen in this place.
 G = Mean time per level.
                   A        B        C        D        E       F      G
               +--------+--------+--------+--------+--------+-----+--------+
         Total |    613 |    613 |      0 |    433 |      0 |   1 |  613.0 |
       Dungeon |    613 |    613 |      0 |    433 |      0 |   1 |  613.0 |
               +--------+--------+--------+--------+--------+-----+--------+

Top non-repeatable levels by time:
       D: 613 daAuts

Table legend:
 A = Kills in this place as a percentage of kills in the entire game.
 B = Kills by you in this place as a percentage of kills by you in the entire game.
 C = Kills by friends in this place as a percentage of kills by friends in the entire game.
 D = Other kills in this place as a percentage of other kills in the entire game.
 E = Experience gained in this place as a percentage of experience gained in the entire game.
 F = Experience gained in this place divided by the number of levels of this place that you have seen.
                   A       B       C       D       E      F
               +-------+-------+-------+-------+-------+----------------------
         Total | 100.0 | 100.0 |   N/A |   N/A | 100.0 | 2946.0
       Dungeon | 100.0 | 100.0 |   N/A |   N/A | 100.0 | 2946.0
               +-------+-------+-------+-------+-------+----------------------

Action                     |  1- 3 |  4- 6 |  7- 9 || total
---------------------------+-------+-------+-------++-------
  Melee: Mace              |    11 |       |       ||    11
         Giant club        |       |    11 |    28 ||    39
 Invoke: Berserk           |     2 |     2 |     3 ||     7
         Trog's Hand       |       |       |     2 ||     2
    Use: Potion            |       |       |     2 ||     2
   Stab: Distracted        |       |       |     1 ||     1
 Armour: Animal skin       |     7 |     6 |    28 ||    41
  Dodge: Dodged            |       |     1 |     5 ||     6

Vanquished Creatures
  A centaur warrior (D)
  2 kobold demonologists (D)
  A hornet (D)
  A slime creature (D)
  A glass eye (D)
  Sigmund (D)
  A yak (D)
  An ogre (D)
  A jelly (D)
  Ijyb (D)
11 creatures vanquished.
